 Dungeon Crawl Stone Soup version 0.29.1-4-g47bece8355 (webtiles) character file.

Game seed: 12067048436205463495

4889 sanboga the Basher (level 10, 0/139 HPs)
             Began as a Minotaur Berserker on Dec 7, 2022.
             Was an Elder of Trog.
             Slain by a two-headed ogre
             ... wielding a +0 giant club
              (25 damage)
             ... on level 9 of the Dungeon.
             The game lasted 00:08:39 (10428 turns).

sanboga the Basher (Minotaur Berserker)            Turns: 10428, Time: 00:08:39

Health: 0/139      AC: 16    Str: 25    XL:     10   Next: 26%
Magic:  9/9        EV:  8    Int:  4    God:    Trog [****..]
Gold:   545        SH:  0    Dex: 11    Spells: 9/9 levels left

rFire   . . .      SeeInvis +   a - +3 flail (vorpal)
rCold   . . .      Faith    .   (no shield)
rNeg    . . .      Spirit   .   F - +0 plate armour
rPois   .          Reflect  .   k - +1 hat {SInv}
rElec   .          Harm     .   r - scarf {shadows}
rCorr   .          Rampage  .   i - +0 pair of gloves
Will    .....                   (no boots)
Stlth   ..........              (no amulet)
HPRegen 0.33/turn               (no ring)
MPRegen 0.11/turn               (no ring)

@: berserking, very quick
A: horns 2, retaliatory headbutt
a: Renounce Religion, Berserk, Trog's Hand, Brothers in Arms


You were on level 9 of the Dungeon.
You worshipped Trog.
Trog was greatly pleased with you.
You visited 1 branch of the dungeon, and saw 9 of its levels.

You collected 545 gold pieces.

Inventory:

Hand Weapons
 a - a +3 vorpal flail (weapon)
Armour
 i - a +0 pair of gloves (worn)
 k - a +1 hat of see invisible (worn)
 r - a scarf of shadows (worn)
 F - a +0 plate armour (worn)
Jewellery
 d - an amulet of regeneration
Wands
 t - a wand of iceblast (4)
 u - a wand of flame (37)
 D - a wand of mindburst (21)
Scrolls
 b - 2 scrolls of poison {unknown}
 h - 4 scrolls of magic mapping
 j - a scroll of identify
 o - 9 scrolls of teleportation
Potions
 c - 2 potions of cancellation
 e - 10 potions of curing
 g - 4 potions of heal wounds
 m - 2 potions of invisibility {unknown}
 n - 4 potions of attraction {unknown}
 q - 5 potions of haste {unknown}
 s - a potion of flight
 v - a potion of resistance
 x - 3 potions of might
 z - a potion of ambrosia
 A - 4 potions of degeneration {unknown}
 E - 2 potions of mutation {unknown}


   Skills:
 + Level 9.8 Fighting
 * Level 13.2 Maces & Flails
 + Level 9.4 Armour
 - Level 2.1 Dodging


You had 9 spell levels left.
You didn't know any spells.
Your spell library was empty.

Dungeon Overview and Level Annotations

Branches:
Dungeon (9/15)             Temple (0/1) D:6
   Lair: D:8-11         Orc: D:9-12

Altars:
Cheibriados
Dithmenos
Elyvilon
Fedhas
Makhleb
Okawaru


Innate Abilities, Weirdness & Mutations

You have a pair of horns on your head.
You reflexively headbutt those who attack you in melee.


Message History

Things that are here:
a +3 battleaxe of freezing; a +0 robe You start resting.
You recover from your berserk rage.
You start resting.
HP restored.
Things that are here:
a +0 mace; a +0 robe
Things that are here:
a +5 falchion of freezing; a +0 robe
Found 4 stones.
d - an amulet of regeneration
Found a stone staircase leading up.
There is a stone staircase leading up here.
Found a stone staircase leading up.
There is a stone staircase leading up here.
A two-headed ogre comes into view. It is wielding two +0 giant clubs.
The two-headed ogre shouts in stereo!
A two-headed ogre is nearby!
A two-headed ogre is nearby!
The two-headed ogre hits you with a +0 giant club!
The two-headed ogre closely misses you.
You sock the two-headed ogre! You headbutt the two-headed ogre!
The two-headed ogre is moderately wounded.
The two-headed ogre hits you with a +0 giant club!
The two-headed ogre hits you with a +0 giant club!!
You hit the two-headed ogre but do no damage.
You headbutt the two-headed ogre.
The two-headed ogre is moderately wounded.
You barely miss the two-headed ogre. You headbutt the two-headed ogre!
The two-headed ogre is heavily wounded.
You hit the two-headed ogre.
The two-headed ogre is severely wounded.
The two-headed ogre hits you with a +0 giant club!!
The two-headed ogre hits you with a +0 giant club!
* * * LOW HITPOINT WARNING * * *
A red film seems to cover your vision as you go berserk!
You feel yourself moving faster!
You feel mighty!
The two-headed ogre hits you with a +0 giant club!!
You die...

#####.....
#.....
#.....
#..... #
####+# .#
#... #.#
#..#
#####O.##.#
#...
#...@.....#
#.##
#.#######.#
#.# #.# #.#
#.# #.# #.#
#.# #.# #.#
#.#
#.###.## .#
#.#
#.##...##.#
#.#
#.##...##.#
#.#
#.##...##.#
#.#


You could see a two-headed ogre.

Vanquished Creatures
  The ghost of safid the Skirmisher, a novice MiHu (D:4)
  A troll (D:5)
  The ghost of LustLizard the Shooter, an amateur SpHu (D:4)
  Eustachio (D:6)
  2 steam dragons
  Edmund (D:5)
  Menkaure (D:7)
  2 water moccasins
  Duvessa (D:7)
  3 orc warriors
  A sky beast (D:7)
  A black bear (D:5)
  4 centaurs (D:7)
  2 phantoms
  3 necrophages
  2 scorpions
  5 wights (D:9)
  Dowan (D:7)
  11 killer bees
  3 howler monkeys
  An electric eel (D:9)
  4 jellies
  8 hounds
  A gnoll bouda (D:4)
  5 orc priests
  Ijyb (D:3)
  4 iguanas
  3 orc wizards
  Robin (D:3)
  4 gnolls (D:4)
  11 adders
  A shadow imp (D:8)
  A white imp (D:5)
  An ufetubus (D:4)
  2 worms
  27 orcs
  10 bats
  9 endoplasms
  4 giant cockroaches
  16 goblins
  9 hobgoblins
  8 jackals
  8 kobolds
  4 quokkas
  3 ball pythons
  10 frilled lizards
  6 rats
209 creatures vanquished.

Vanquished Creatures (others)
  A howler monkey (D:8)
  An orc wizard (D:7)
  6 withered plants (D:4)
8 creatures vanquished.

Grand Total: 217 creatures vanquished

Notes
Turn   | Place    | Note
-------+----------+-------------------------------------------
     0 | D:1      | sanboga the Minotaur Berserker began the quest for the Orb.
     0 | D:1      | Reached XP level 1. HP: 19/19 MP: 0/0
   209 | D:1      | Reached skill level 4 in Maces & Flails
   230 | D:1      | Reached XP level 2. HP: 27/27 MP: 1/1
   655 | D:1      | Found a faded altar of an unknown god.
   850 | D:1      | Reached ** piety under Trog
   930 | D:1      | Reached XP level 3. HP: 33/33 MP: 2/2
  1192 | D:2      | Identified the +1 quarterstaff of Chance {speed, Will+}
  1747 | D:2      | Reached skill level 5 in Maces & Flails
  1747 | D:2      | Reached XP level 4. HP: 41/41 MP: 3/3
  1966 | D:2      | Found a blossoming altar of Fedhas.
  2312 | D:3      | Noticed Robin
  2326 | D:3      | Killed Robin
  2326 | D:3      | Reached *** piety under Trog
  2517 | D:3      | Noticed Ijyb
  2532 | D:3      | Killed Ijyb
  2533 | D:3      | Reached XP level 5. HP: 14/47 MP: 4/4
  3002 | D:4      | Reached skill level 6 in Maces & Flails
  3181 | D:4      | Found a runed translucent gate.
  3184 | D:4      | Found a runed translucent gate.
  3201 | D:4      | Found a runed translucent gate.
  3202 | D:4      | Noticed safid's ghost (novice MiHu)
  3202 | D:4      | Noticed LustLizard's ghost (amateur SpHu)
  3244 | D:4      | Reached skill level 5 in Fighting
  3250 | D:4      | Reached XP level 6. HP: 40/56 MP: 5/5
  3448 | D:4      | Found a burning altar of Makhleb.
  3606 | D:4      | Found a shadowy altar of Dithmenos.
  3865 | D:4      | Killed safid's ghost
  3866 | D:4      | Reached skill level 8 in Maces & Flails
  3866 | D:4      | Reached skill level 5 in Armour
  3866 | D:4      | Reached XP level 7. HP: 63/63 MP: 6/6
  3870 | D:4      | Killed LustLizard's ghost
  3999 | D:5      | Entered Level 5 of the Dungeon
  4071 | D:5      | Reached XP level 8. HP: 28/71 MP: 7/7
  4468 | D:5      | Noticed Edmund
  4484 | D:5      | Killed Edmund
  4485 | D:5      | Reached skill level 9 in Maces & Flails
  5034 | D:5      | Reached **** piety under Trog
  5056 | D:5      | Reached skill level 10 in Maces & Flails
  5182 | D:5      | Found a snail-covered altar of Cheibriados.
  5490 | D:5      | Found an iron altar of Okawaru.
  5687 | D:5      | Noticed a troll
  5695 | D:5      | Killed a troll
  6143 | D:6      | Reached XP level 9. HP: 81/81 MP: 8/8
  6362 | D:6      | Noticed Eustachio
  6375 | D:6      | Killed Eustachio
  6376 | D:6      | Reached skill level 11 in Maces & Flails
  6700 | D:6      | Found a staircase to the Ecumenical Temple.
  7805 | D:7      | Noticed Duvessa
  7806 | D:7      | Noticed Dowan
  7809 | D:7      | Killed Duvessa
  7810 | D:7      | Reached skill level 12 in Maces & Flails
  7811 | D:7      | Killed Dowan
  8289 | D:7      | Noticed Menkaure
  8294 | D:7      | Killed Menkaure
  8404 | D:7      | Reached XP level 10. HP: 61/91 MP: 9/9
  9778 | D:9      | Found a white marble altar of Elyvilon.
  9851 | D:9      | Reached skill level 13 in Maces & Flails
 10422 | D:9      | Noticed a two-headed ogre
 10428 | D:9      | Slain by a two-headed ogre

Illustrated notes

Levels and vault maps discovered:
D:1:      co_arrival_random_square_maze, layout_loops_corners,
          basic_ecumenical_altar, minmay_heptomino_l4
D:2:      layout_loops_ring, basic_altar, chequers_serial_rivers_small_b
D:3:      layout_basic, uniq_robin, uniq_ijyb
D:4:      layout_cave_pools, mainiacjoe_overflow_concentric_impassable,
          lemuel_tele_altar, gammafunk_ghost_cemetery, kennysheep_orc_chapel
D:5:      layout_basic, mainiacjoe_overflow_alcove_2, kennysheep_mini_moat,
          minmay_joined_circles, uniq_edmund
D:6:      layout_basic, minmay_temple_entry_poolview, minivault_19,
          uniq_eustachio
D:7:      layout_rooms, uniq_menkaure, uniq_duvessa
D:8:      layout_gridville
D:9:      layout_basic, amcnicky_altar_gilded, chequers_jeans

Skill      XL: |  1  2  3  4  5  6  7  8  9 10 |
---------------+-------------------------------+-----
Maces & Flails | 4 5 6 8 10 12 13 | 13.2
Fighting       | 4 5 6 7 9 |  9.8
Armour         | 3 4 5 7 9 |  9.4
Dodging        | |  2.1

Action                   |  1- 3 |  4- 6 |  7- 9 | 10-12 || total
-------------------------+-------+-------+-------+-------++-------
Melee: Mace              |    96 |    94 |       |       ||   190
       Headbutt          |    10 |    14 |    34 |    17 ||    75
       Flail             |       |    30 |   247 |    72 ||   349
       Punch             |       |       |     1 |       ||     1
Invok: Berserk           |       |     5 |     7 |     2 ||    14
  Use: Scroll            |       |       |     1 |    16 ||    17
Armor: Animal skin       |     9 |       |       |       ||     9
       Scale mail        |    28 |    56 |     7 |       ||    91
       Chain mail        |       |       |    71 |       ||    71
       Plate armour      |       |       |    96 |    48 ||   144
Dodge: Dodged            |    65 |    68 |   125 |    26 ||   284
